Map: Lightshade LE

Players

Sepheron

  • Race: Protoss Protoss
  • League: Grandmaster
  • Spawn Location: 11:00

Pumba - Winner!

  • Race: Zerg Zerg
  • League: Master
  • Spawn Location: 5:00

VOD

Have the link to the VOD?

Description

Time

  • Played on: Sept. 21, 2021, 6:19 p.m.
  • Length: 4:24
Show
View Real Time Build Order
Export as new Build Order

Sepheron Protoss 

Build Orders: 1 Gate Expand 

Get SALT Encoding   

  12  0:01  Probe  
  13  0:14  Probe  
  14  0:19  Pylon  
  14  0:26  Probe (Chrono Boost)  
  15  0:38  Probe (Chrono Boost)  
  15  0:40  Gateway  
  16  0:45  Probe (Chrono Boost)  
  17  0:52  Assimilator  
  17  0:55  Probe  
  18  1:07  Probe (Chrono Boost)  
  19  1:19  Probe (Chrono Boost)  
  19  1:25  Probe (Chrono Boost)  
  20  1:40  Nexus  
  20  1:44  Cybernetics Core  
  20  1:47  Probe  
  20  1:53  Pylon  
  21  1:59  Probe  
  22  2:02  Assimilator  
  22  2:11  Probe  
  25  2:23  Probe  
  26  2:33  Pylon  
  26  2:34  Adept (Chrono Boost)  
  23  2:55  Pylon  
  23  3:01  Pylon  
  23  3:03  Probe  
  23  3:18  Probe  
  23  3:19  Probe  
  24  3:23  Adept (Chrono Boost)  
  26  3:30  Probe  
  26  3:32  Probe  
  28  3:42  Probe  
  28  3:45  Adept (Chrono Boost)  
  32  3:51  Stargate  
  32  3:53  Probe  
  32  3:56  Probe  
  33  4:05  Probe  
  33  4:08  Probe  
Show
View Real Time Build Order
Export as new Build Order

Pumba Zerg - Winner!

Build Orders: Pool First 

Get SALT Encoding   

  12  0:00  Drone  
  13  0:12  Overlord  
  13  0:19  Drone  
  14  0:32  Drone x2  
  17  0:35  Drone  
  17  0:47  Spawning Pool  
  16  0:50  Drone  
  18  0:57  Drone  
  18  1:22  Hatchery  
  17  1:28  Drone, Extractor  
  17  1:35  Zergling x4  
  19  1:40  Extractor  
  19  1:41  Queen  
  19  1:43  Zergling x2  
  21  1:53  Overlord  
  22  2:17  Queen, Drone x2  
  25  2:24  Drone  
  26  2:41  Hatchery  
  26  2:42  Drone  
  26  2:46  Drone  
  27  2:52  Drone x3  
  30  3:03  Metabolic Boost  
  30  3:09  Overlord  
  30  3:12  Drone  
  31  3:17  Zergling x4  
  31  3:18  Zergling x2  
  31  3:23  Queen  
  33  3:32  Drone x3  
  36  3:42  Zergling x10  
  36  3:44  Drone  
  42  3:54  Zergling x4  
  44  3:57  Drone x3  
  44  4:02  Overlord  
  47  4:04  Drone  
Tags
 
Add a new tag
Caveats
  • Supply blocks, unpowered buildings, or Contaminate may cause inaccurate times.
  • Supply counts are checked every 10 seconds.